 Dungeon Crawl Stone Soup version 0.21-a0-215-g0631661 (webtiles) character file.

3689 George the Carver (level 9, -4/117 (118) HPs)
             Began as a Minotaur Fighter on Aug 22, 2017.
             Was an Elder of Okawaru.
             Slain by a death yak (8 damage)
             ... on level 8 of the Dungeon.
             The game lasted 00:13:20 (7185 turns).

George the Carver (Minotaur Fighter)                Turns: 7185, Time: 00:13:21

HP:   -4/117 (118)  AC: 13    Str: 29    XL:     9   Next: 90%
MP:   11/11         EV: 14    Int:  5    God:    Okawaru [****..]
Gold: 403           SH: 13    Dex: 10    Spells: 8/8 levels left

rFire    . . .     SeeInvis +   a - +0 long sword
rCold    + . .     Gourm    .   c - +0 shield
rNeg     . . .     Faith    .   b - +2 scale mail {rC+}
rPois    +         Spirit   .   (helmet restricted)
rElec    .         Reflect  .   m - +1 cloak
rCorr    .         Harm     .   y - +0 pair of gloves
MR       +....                  s - +0 pair of boots
Stlth    ..........             C - amulet of regeneration
HPRegen  0.69/turn              u - ring of see invisible
MPRegen  0.12/turn              (no ring)

@: berserking, heroism, very quick
A: retaliatory headbutt, horns 2, deformed body, magic resistance 1, poison
resistance
a: Heroism, Renounce Religion


You were on level 8 of the Dungeon.
You worshipped Okawaru.
Okawaru was greatly pleased with you.
You were not hungry.

You visited 2 branches of the dungeon, and saw 10 of its levels.

You collected 484 gold pieces.
You spent 81 gold pieces at shops.

Inventory:

Hand Weapons
 a - a +0 long sword (weapon)
 e - a +1 short sword of venom
Missiles
 G - 7 javelins of penetration (quivered)
Armour
 b - a +2 scale mail of cold resistance (worn)
 c - a +0 shield (worn)
 m - a +1 cloak (worn)
 s - a +0 pair of boots (worn)
 y - a +0 pair of gloves (worn)
Jewellery
 u - a ring of see invisible (left hand)
 C - an amulet of regeneration (around neck)
 D - an uncursed ring of ice
Wands
 l - a wand of iceblast (9/15)
 r - a wand of lightning (6/15)
 E - a wand of flame (20/48)
 H - a wand of flame (14/48)
Scrolls
 h - 2 scrolls of fear
 k - a scroll of blinking
 n - 4 scrolls of teleportation
 o - 2 scrolls of recharging {unknown}
 q - a scroll of remove curse
 v - a scroll of amnesia {unknown}
 B - a scroll of identify
Potions
 d - a potion of might
 i - 2 potions of lignification
 t - 5 potions of curing
 x - 4 potions of degeneration {unknown}
 z - a potion of agility {unknown}
 A - a potion of haste
Comestibles
 f - 5 bread rations
 g - 4 meat rations
 j - 27 fruits
 p - 2 royal jellies
 F - 3 chunks of flesh


   Skills:
 + Level 7.2(12.2) Fighting
 + Level 10.3(15.3) Long Blades
 + Level 6.9(11.9) Armour
 + Level 5.3(10.3) Dodging
 + Level 7.2(12.2) Shields
 + Level 4.9 Invocations


You had 8 spell levels left.
You didn't know any spells.

Dungeon Overview and Level Annotations

Branches:
Dungeon (9/15)             Temple (1/1) D:4
   Lair: D:8-11         Orc: D:9-12

Altars:
Cheibriados
Dithmenos
Elyvilon
Fedhas
Gozag
Hepliaklqana
Kikubaaqudgha
Makhleb
Nemelex Xobeh
Okawaru
Qazlal
Ru
Trog
Wu Jian
Xom
Yredelemnul
The Shining One

Shops:
D:5 *   D:7 ?


Innate Abilities, Weirdness & Mutations

You reflexively headbutt those who attack you in melee.
You have a pair of horns on your head.
Armour fits poorly on your strangely shaped body.
You are resistant to hostile enchantments. (MR+)
Your system is resistant to poisons. (rPois)


Message History

The death yak gores you!
* * * LOW HITPOINT WARNING * * *
You completely miss the death yak. You headbutt the death yak!
The death yak is heavily wounded.
You block the death yak's attack.
You barely miss the death yak.
The death yak is heavily wounded.
You feel sick.
You are no longer poisoned.
There is a stone staircase leading up, spattered with blood here.
You climb upwards.
There is a stone staircase leading down here.
You hit the death yak but do no damage. Your headbutt misses the death yak.
The death yak is heavily wounded.
The death yak gores you!
* * * LOW HITPOINT WARNING * * *
Okay, then.
A red film seems to cover your vision as you go berserk!
You feel yourself moving faster!
You feel mighty! The death yak gores you!
You die...

.##....'....##[.###########.<....
.##..).'....##...............####
#.#...##....##...##########..#
####'##.....##...# #..####
#.##..##..P.##...# ### #......
.###..#......#...###.## #.#####
.# #####.....#........# #.#
.########......#.###.## #.#
.##...# ##.#####@# #[# #.#
.##...####.# #Y# #.######.##
".......##.#####.# #.##......####
.................# #.##.###......
.......(##.####### #.##.##....###
.##...####.# #.##.##.#..# .##...#
#.# #.##.#.....### .###.##
#.#########............. ......#
#..............†..#.####


You could see a death yak.

Vanquished Creatures
  A death yak (D:9)
  A hippogriff (D:7)
  3 ogres
  An orc warrior (D:9)
  A black bear (D:8)
  A phantom (D:7)
  A necrophage (D:5)
  3 centaurs
  2 big kobolds
  A bullfrog (D:9)
  A gnoll sergeant (D:7)
  2 scorpions
  A killer bee (D:9)
  3 wights (D:7)
  4 howler monkeys
  4 crimson imps
  A bullfrog zombie (D:7)
  A quasit (D:3)
  5 hounds
  2 bullfrog skeletons (D:7)
  An orc priest (D:7)
  A centaur skeleton (D:4)
  Jessica (D:2)
  2 iguanas
  7 orc wizards
  9 worker ants
  A killer bee zombie (D:7)
  3 hound skeletons
  9 adders
  11 gnolls
  A howler monkey skeleton (D:7)
  A shadow imp (D:7)
  An ooze (D:1)
  2 adder skeletons
  A worm (D:4)
  3 dart slugs
  7 leopard geckos
  31 orcs
  4 giant cockroaches
  9 goblins
  5 hobgoblins (D:1)
  6 jackals
  17 kobolds
  7 quokkas
  2 ball pythons
  8 bats
  4 frilled lizards
  A jackal zombie (D:5)
  3 quokka zombies
  7 rats
204 creatures vanquished.

Notes
Turn   | Place    | Note
-------+----------+-------------------------------------------
     0 | D:1      | George the Minotaur Fighter began the quest for the Orb.
     0 | D:1      | Reached XP level 1. HP: 19/19 MP: 0/0
    65 | D:1      | Reached skill level 3 in Long Blades
   256 | D:1      | Reached XP level 2. HP: 26/26 MP: 1/1
   357 | D:1      | Reached skill level 4 in Long Blades
   429 | D:1      | Reached XP level 3. HP: 25/31 MP: 2/2
  1009 | D:2      | Noticed Jessica
  1015 | D:2      | Killed Jessica
  1015 | D:2      | Reached skill level 5 in Long Blades
  1015 | D:2      | Reached XP level 4. HP: 19/39 MP: 3/3
  1453 | D:2      | Found an ornate altar of the Wu Jian Council.
  1608 | D:2      | Reached skill level 6 in Long Blades
  1900 | D:3      | Reached XP level 5. HP: 45/45 MP: 4/4
  1959 | D:3      | Reached skill level 7 in Long Blades
  2171 | D:4      | Reached XP level 6. HP: 27/51 MP: 5/5
  2181 | D:4      | Gained mutation: You tend to lose your temper in combat. [potion of mutation]
  2181 | D:4      | Gained mutation: You often lose your temper in combat. [potion of mutation]
  2181 | D:4      | Gained mutation: You passively map a small area around you. [potion of mutation]
  2238 | D:4      | Lost mutation: You often lose your temper in combat. [potion of mutation]
  2238 | D:4      | Lost mutation: You tend to lose your temper in combat. [potion of mutation]
  2238 | D:4      | Lost mutation: You passively map a small area around you. [potion of mutation]
  2238 | D:4      | Gained mutation: Armour fits poorly on your strangely shaped body. [potion of mutation]
  2238 | D:4      | Gained mutation: You are resistant to hostile enchantments. (MR+) [potion of mutation]
  2238 | D:4      | Gained mutation: Your system is resistant to poisons. (rPois) [potion of mutation]
  2275 | D:4      | Reached skill level 8 in Long Blades
  2279 | D:4      | Found a bloodstained altar of Trog.
  2389 | D:4      | Found a shimmering altar of Xom.
  2448 | D:4      | Found a staircase to the Ecumenical Temple.
  2465 | Temple   | Entered the Ecumenical Temple
  2470 | Temple   | Became a worshipper of Warmaster Okawaru
  2612 | D:4      | Found a sparkling altar of Nemelex Xobeh.
  3156 | D:3      | Reached XP level 7. HP: 58/58 MP: 6/6
  3402 | D:5      | Entered Level 5 of the Dungeon
  3410 | D:5      | Reached skill level 1 in Dodging
  3500 | D:5      | Reached skill level 1 in Invocations
  3611 | D:5      | Reached * piety under Okawaru
  3611 | D:5      | Reached skill level 9 in Long Blades
  4012 | D:5      | Found Cezicwoi's Assorted Antiques.
  4031 | D:5      | Bought a scroll labeled NEORU YHILOK for 29 gold pieces
  4031 | D:5      | Bought a bubbling emerald potion for 26 gold pieces
  4031 | D:5      | Bought a coppery potion for 26 gold pieces
  4622 | D:6      | Reached XP level 8. HP: 59/66 MP: 8/8
  4804 | D:6      | Reached skill level 5 in Fighting
  4812 | D:6      | Got a smoking scarf
  4823 | D:6      | Identified the cursed scarf of Tenacity {MP+9} (You found it on level 6 of the Dungeon)
  4868 | D:6      | Found a basalt altar of Yredelemnul.
  5026 | D:7      | Reached skill level 5 in Shields
  5027 | D:7      | Reached ** piety under Okawaru
  5030 | D:7      | Reached skill level 5 in Armour
  5168 | D:7      | Found a shadowy altar of Dithmenos.
  5220 | D:7      | Found Gacig's Magic Scroll Shop.
  5663 | D:7      | Reached *** piety under Okawaru
  5766 | D:7      | Reached XP level 9. HP: 62/74 MP: 10/10
  6802 | D:8      | Reached skill level 10 in Long Blades
  7126 | D:9      | Noticed a death yak
  7128 | D:9      | Noticed a death yak
  7131 | D:9      | Noticed a death yak
  7132 | D:9      | Reached **** piety under Okawaru
  7167 | D:9      | Killed a death yak
  7167 | D:9      | Reached skill level 5 in Dodging
  7184 | D:8      | HP: 3/78 [death yak (14)]
  7185 | D:8      | Slain by a death yak

Vault maps used:
D:1:      dpeg_arrival_lava_temple_mockup
D:2:      lemuel_coloured_pillars_altar, first_bread, uniq_jessica
D:4:      nicolae_overflow_crystal_walls, tgw_xom, lemuel_crystal_altar,
          minmay_temple_entry_glassed_door
D:5:      serial_shops, shop
D:6:      kennysheep_mini_moat, nicolae_overflow_hidden_temple
D:7:      nicolae_dithmenos_shadow_blocks, serial_shops,
          nicolae_shop_temple_entry_statues_fountains, grunt_tough_drop
D:8:      blue_anna_alchemist
D:9:      old_standard_altar, vehumet_crystals, minitemple, dpeg_lair_monsters,
          lemuel_oklob_altar
Temple:   minmay_freezing_vapour_temple

Skill      XL: |  1  2  3  4  5  6  7  8  9 |
---------------+----------------------------+-----
Long Blades    | 3 4 5 6 7 8 9 10 | 10.3
Armour         | 4 5 6 |  6.9
Dodging        | 2 4 5 |  5.3
Fighting       | 4 6 7 |  7.2
Shields        | 4 5 7 |  7.2
Invocations    | 2 3 4 |  4.9

Action                   |  1- 3 |  4- 6 |  7- 9 || total
-------------------------+-------+-------+-------++-------
Melee: Long sword        |    65 |   157 |   419 ||   641
       Headbutt          |     6 |    28 |    97 ||   131
Invok: Heroism           |       |       |     1 ||     1
Evoke: Wand              |       |       |     1 ||     1
  Use: Scroll            |       |     5 |     5 ||    10
       Potion            |       |     4 |     1 ||     5
  Eat: Chunk             |       |     6 |    14 ||    20
       Fruit             |       |       |     1 ||     1
Armor: Scale mail        |    19 |    82 |   148 ||   249
       Chain mail        |       |       |    15 ||    15
Dodge: Dodged            |    16 |    49 |   163 ||   228
Block: Shield            |    32 |    89 |   213 ||   334
       Rpst.: Long sword |     2 |    14 |    40 ||    56

Table legend:
 A = Spawn XP
 B = Non-spawn XP
 C = Spawn XP percentage of total XP
 D = Spawn monster count
 E = Non-spawn monster count
 F = Spawn count percentage of total count
 G = Total turns spent on level
                    A         B        C        D         E        F      G
               +---------+---------+-------+---------+---------+-------+---------
         Total |     876 |    4395 |  16.6 |      28 |     176 |  13.7 |  7185
               +---------+---------+-------+---------+---------+-------+---------
           D:1 |       5 |      48 |   9.4 |       3 |      24 |  11.1 |   876
           D:2 |       6 |     106 |   5.4 |       3 |      18 |  14.3 |   891
           D:3 |       2 |     153 |   1.3 |       2 |      28 |   6.7 |   502
           D:4 |       5 |     435 |   1.1 |       3 |      21 |  12.5 |  1113
           D:5 |     228 |     348 |  39.6 |       8 |      13 |  38.1 |  1145
           D:6 |       0 |     307 |   0.0 |       0 |      10 |   0.0 |   443
           D:7 |     630 |    1332 |  32.1 |       9 |      48 |  15.8 |  1442
           D:8 |       0 |     392 |   0.0 |       0 |       6 |   0.0 |   623
           D:9 |       0 |    1274 |   0.0 |       0 |       8 |   0.0 |   130
               +---------+---------+-------+---------+---------+-------+---------
